 Dungeon Crawl Stone Soup version 0.25-a0-942-g87a53962fc (webtiles) character file.

Game seed: 11023008505186951727, levelgen mode: classic

9106 Amnesiac the Arsonist (level 11, -2/60 HPs)
             Began as a Deep Elf Wizard on May 7, 2020.
             Was an Elder of Vehumet.
             Slain by a two-headed ogre
             ... wielding a +0 dire flail
              (9 damage)
             ... on level 10 of the Dungeon.
             The game lasted 00:32:10 (12668 turns).

Amnesiac the Arsonist (Deep Elf Wizard)            Turns: 12668, Time: 00:32:11

Health: -2/60      AC:  5    Str:  4    XL:     11   Next: 18%
Magic:  10/26      EV: 15    Int: 27    God:    Vehumet [****..]
Gold:   453        SH:  0    Dex: 13    Spells: 9/28 levels left

rFire    + . .     SeeInvis .   a - staff of earth
rCold    + . .     Gourm    .   (no shield)
rNeg     . . .     Faith    .   c - +1 robe {rC+ rF+}
rPois    .         Spirit   .   (no helmet)
rElec    .         Reflect  .   z - +0 cloak
rCorr    .         Harm     .   (no gloves)
MR       +....                  f - +0 pair of boots
Stlth    ++........             (no amulet)
HPRegen  0.20/turn              (no ring)
MPRegen  0.20/turn              (no ring)

@: no status effects
A: no striking features
a: Renounce Religion


You were on level 10 of the Dungeon.
You worshipped Vehumet.
Vehumet was greatly pleased with you.
You were very hungry.

You visited 2 branches of the dungeon, and saw 11 of its levels.

You collected 453 gold pieces.

Inventory:

Hand Weapons
 b - a +2 scimitar of electrocution
 A - a +4 demon trident of flaming
Missiles
 t - 131 stones (quivered)
Armour
 c - a +1 robe of resistance (worn)
 f - a +0 pair of boots (worn)
 z - a +0 cloak (worn)
 F - a +0 troll leather armour
Magical Staves
 a - an uncursed staff of earth (weapon)
Jewellery
 m - a +4 ring of intelligence
 G - an uncursed ring of see invisible
Wands
 j - a wand of iceblast (11)
 l - a wand of scattershot (3)
 n - a wand of clouds (6)
 y - a wand of random effects (23)
 H - a wand of paralysis (6)
Scrolls
 g - 8 scrolls of remove curse {!r}
 h - 2 scrolls of fog {!r}
 r - 6 scrolls of amnesia {!r}
 s - 3 scrolls of teleportation {!r}
 v - a scroll of fear {!r}
 E - a scroll of blinking {!r}
Potions
 e - 2 potions of heal wounds {!q}
 i - a potion of resistance {!q}
 k - 4 potions of curing {!q}
 o - 2 potions of haste {!q, unknown}
 p - a potion of flight {!q, unknown}
 q - a potion of might {!q}
 u - a potion of lignification {!q}
 w - 2 potions of brilliance {!q}
 x - 2 potions of mutation {!q}
 B - 2 potions of magic {!q, unknown}
 D - a potion of berserk rage {!q, unknown}
Comestibles
 d - 16 rations
 C - a chunk of flesh


   Skills:
 - Level 3.0 Fighting
 - Level 6.0 Dodging
 - Level 3.0 Stealth
 + Level 9.1 Spellcasting
 * Level 9.5 Conjurations
 - Level 1.1 Summonings
 - Level 1.1 Translocations
 * Level 9.5 Fire Magic
 * Level 9.5 Earth Magic
 - Level 2.0 Evocations


You had 9 spell levels left.
You knew the following spells:

 Your Spells              Type           Power        Failure   Level  Hunger
a - Fireball              Conj/Fire      ######....   1%          5    ####...
b - Call Imp              Summ           ###.....     4%          2    None
c - Sandblast             Erth           ######       1%          1    None
d - Searing Ray           Conj           ######       1%          2    None
e - Mephitic Cloud        Conj/Pois/Air  ####....     1%          3    None
f - Magic Dart            Conj           ####         1%          1    None
s - Conjure Flame         Conj/Fire      ######..     1%          3    None
v - Blink                 Tloc           N/A          4%          2    None

Your spell library contained the following spells:

 Spells                   Type           Power        Failure   Level  Hunger
 Ignite Poison            Fire/Tmut/Pois ####....     1%          3    None
 Foxfire                  Conj/Fire      ####         1%          1    None
 Dazzling Flash           Conj/Hex       #####.       1%          3    None
 Inner Flame              Hex/Fire       #####...     1%          3    None
 Fulminant Prism          Conj/Hex       #####.....   1%          4    #......
 Iskenderun's Mystic Bla  Conj/Tloc      #####...     1%          4    #......
 Sticky Flame             Conj/Fire      ######..     1%          4    #......
 Apportation              Tloc           ###...       3%          1    None
 Summon Small Mammal      Summ           ###.         3%          1    None
 Animate Skeleton         Necr           N/A          4%          1    None
 Corona                   Hex            ##.....      4%          1    None
 Slow                     Hex            ##......     7%          2    None


Dungeon Overview and Level Annotations

Branches:
Dungeon (10/15)            Temple (1/1) D:6             Orc (0/2) D:9
   Lair: D:8-11

Altars:
Ashenzari
Dithmenos
Gozag
Hepliaklqana
Nemelex Xobeh
Okawaru
Qazlal
Ru
Trog
Vehumet
Yredelemnul
Zin
The Shining One

Annotations:
D:9 kelthazard45's ghost, novice MiTm


Message History

Press: ? - help, Shift-Dir - straight line, p - porcupine The fireball explodes!
The fireball engulfs the eye of draining!
The eye of draining is moderately wounded.
You are feeling very hungry.
The porcupine is engulfed in noxious fumes.
The porcupine appears confused.
The porcupine bites you!
* * * LOW HITPOINT WARNING * * *
The troll is engulfed in noxious fumes.
Unknown command.
Unknown command.
The porcupine is engulfed in noxious fumes.
The porcupine appears confused.
The porcupine runs around in a circle.
The troll is engulfed in noxious fumes.
A two-headed ogre comes into view.
It is wielding a +0 dire flail and a +0 giant club.
The porcupine is engulfed in noxious fumes.
The porcupine appears confused.
The troll is engulfed in noxious fumes.
A basilisk comes into view.
The porcupine bites the troll!
The basilisk moves out of view.
The eye of draining gazes at you.
You feel your power leaking away. The eye of draining gazes at you.
You feel your power leaking away. The two-headed ogre barely misses you.
The two-headed ogre misses you.
Casting: Fireball (dangerous; 1% risk of failure)
Confirm with . or Enter, or press ? or * to list all spells.
Aiming: Mephitic Cloud (safe; 1% risk of failure)
Press: ? - help, Shift-Dir - straight line, f - two-headed ogre
Aim: a two-headed ogre, wielding a +0 dire flail and a +0 giant club That beam is likely to hit you.
Continue anyway? [Y]es or [N]o only, please.
That beam is likely to hit you.
Continue anyway?
Okay, then.
An orc comes into view. It is wielding a +0 whip.
The orc shouts!
The orc throws a boomerang.
The boomerang hits you.
The weapon returns to the orc!
The orc throws a boomerang.
The boomerang barely misses you.
The weapon returns to the orc!
The orc throws a boomerang.
The boomerang barely misses you.
The weapon returns to the orc!
The orc throws a boomerang.
The boomerang hits you but does no damage.
The weapon returns to the orc!
The orc throws a boomerang.
The boomerang misses you.
The weapon returns to the orc!
Casting: Mephitic Cloud (safe; 1% risk of failure)
Confirm with . or Enter, or press ? or * to list all spells.
A beastly little devil appears in a puff of frigid air.
The orc throws a boomerang.
The boomerang hits your white imp!
The weapon returns to the orc!
The two-headed ogre misses you.
The two-headed ogre hits you with a +0 giant club!
* * * LOW HITPOINT WARNING * * *
Casting: Call Imp (safe; 4% risk of failure)
Confirm with . or Enter, or press ? or * to list all spells.
A beastly little devil appears in a puff of frigid air.
The orc throws a boomerang.
The boomerang hits your white imp but does no damage.
The weapon returns to the orc!
The two-headed ogre hits you with a +0 dire flail!!
* * * LOW HITPOINT WARNING * * *
The two-headed ogre hits you with a +0 giant club!
You die...

#...###[.#####.#.# #.##.#
#)#.# #..# #.#.#
#.##.##### ##.#.# #..#
#.#.#####........# .....#
#..#####......o.....###.#
####.#
#.........o##########
#.## ##.####<######.##
#o.. #..)...(# #5# #...
###..###### #O# ##...
.....# #@# #.... ####.#
#5# #.### ####)# #.#
........# .....########
#.# #######.#
...÷......... #.# #.#
..##########. #.# #○§ ..#
.>. #○# ..# ... #.# ..#
..... #.#


You could see a two-headed ogre, an orc and 2 friendly white imps.

Vanquished Creatures
  Harold (D:9)
  2 two-headed ogres (D:9)
  Urug (D:10)
  Maurice (D:9)
  Maggie (D:9)
  A troll (D:9)
  A hornet (D:9)
  Grinder (D:4)
  3 hungry ghosts
  Menkaure (D:7)
  A porcupine (D:10)
  An ice beast (D:9)
  3 sky beasts
  3 phantoms
  2 black bears
  3 ogres
  3 wolves (D:10)
  3 centaurs
  3 crocodiles (D:10)
  A big kobold (D:7)
  4 bullfrogs
  A gnoll sergeant (D:8)
  2 scorpions
  2 killer bees (D:9)
  2 troll zombies (D:9)
  9 wights (D:9)
  A crimson imp (D:9)
  A centaur zombie (D:8)
  3 bullfrog zombies
  A jelly (D:9)
  9 hounds
  12 orc wizards
  A gnoll shaman (D:4)
  4 orc priests
  3 centaur skeletons
  2 iguanas
  Ijyb (D:5)
  5 worker ants
  4 ogre zombies (D:9)
  2 hound skeletons
  10 gnolls
  6 adders
  2 shadow imps
  2 adder skeletons
  2 adder zombies
  5 dart slugs
  4 leopard geckos
  41 orcs
  4 bats
  3 giant cockroaches
  4 goblins
  10 hobgoblins
  15 jackals
  6 kobolds
  4 quokkas
  3 ball pythons
  5 frilled lizards
  A goblin skeleton (D:9)
  A goblin zombie (D:9)
  A hobgoblin skeleton (D:9)
  3 hobgoblin zombies (D:9)
  6 orc skeletons (D:9)
  7 orc zombies (D:9)
  8 rats
  A bush (D:10)
  A plant (D:6)
260 creatures vanquished.

Vanquished Creatures (collateral kills)
  A gnoll (D:5)
  2 adders (D:3)
  A jackal (D:3)
4 creatures vanquished.

Vanquished Creatures (others)
  A howler monkey skeleton (D:10)
  2 orcs (D:10)
  8 fungi (D:10)
  10 plants (D:10)
21 creatures vanquished.

Grand Total: 285 creatures vanquished

Notes
Turn   | Place    | Note
-------+----------+-------------------------------------------
     0 | D:1      | Amnesiac the Deep Elf Wizard began the quest for the Orb.
     0 | D:1      | Reached XP level 1. HP: 10/10 MP: 7/7
   250 | D:2      | Reached XP level 2. HP: 12/15 MP: 3/9
   255 | D:2      | Learned a level 2 spell: Blink
   258 | D:2      | Learned a level 2 spell: Call Imp
   436 | D:3      | Reached XP level 3. HP: 17/19 MP: 1/11
   728 | D:3      | Learned a level 3 spell: Conjure Flame
   732 | D:3      | Learned a level 3 spell: Mephitic Cloud
   870 | D:4      | Reached XP level 4. HP: 19/24 MP: 6/12
   970 | D:4      | Noticed an ogre
  1000 | D:4      | Killed an ogre
  1000 | D:4      | Reached skill level 5 in Conjurations
  1000 | D:4      | Reached XP level 5. HP: 28/28 MP: 0/14
  1136 | D:4      | Reached skill level 5 in Spellcasting
  1369 | D:4      | Reached XP level 6. HP: 33/33 MP: 11/15
  1696 | D:5      | Entered Level 5 of the Dungeon
  1699 | D:5      | Noticed Ijyb
  1705 | D:4      | Reached skill level 1 in Fighting
  1978 | D:5      | Killed Ijyb
  1990 | D:5      | Reached XP level 7. HP: 28/38 MP: 4/17
  2173 | D:4      | Noticed Grinder
  2186 | D:4      | Killed Grinder
  2186 | D:4      | Reached skill level 1 in Evocations
  2690 | D:6      | Found a staircase to the Ecumenical Temple.
  2699 | Temple   | Entered the Ecumenical Temple
  2715 | Temple   | Became a worshipper of Vehumet
  3686 | D:2      | Reached XP level 8. HP: 44/44 MP: 11/19
  4268 | D:3      | Reached * piety under Vehumet
  4268 | D:3      | Offered knowledge of Sandblast by Vehumet.
  4272 | D:3      | Learned a level 1 spell: Sandblast
  4829 | D:3      | Reached skill level 1 in Earth Magic
  4838 | D:3      | Found a hazy altar of Hepliaklqana.
  5057 | D:5      | Found an opulent altar of Gozag.
  5923 | D:6      | Found a stormy altar of Qazlal.
  5923 | D:6      | Found an iron altar of Okawaru.
  5926 | D:6      | Found a basalt altar of Yredelemnul.
  6488 | D:7      | Noticed Menkaure
  6492 | D:7      | Killed Menkaure
  6652 | D:7      | Reached skill level 5 in Earth Magic
  6822 | D:7      | Identified the +6 dagger of the Blind Eye {freeze, *Drain
                  | +Rage rN+ SInv}
  6859 | D:7      | Learned a level 2 spell: Searing Ray
  7624 | D:8      | Reached XP level 9. HP: 20/49 MP: 8/20
  7727 | D:8      | Reached ** piety under Vehumet
  7727 | D:8      | Offered knowledge of Freeze by Vehumet.
  8767 | D:8      | Reached skill level 5 in Dodging
  9198 | D:9      | Noticed a troll
  9204 | D:9      | Killed a troll
  9277 | D:9      | Learned a level 5 spell: Fireball
  9278 | D:9      | Found a transporter.
  9281 | D:9      | Noticed kelthazard45's ghost (novice MiTm)
  9284 | D:9      | Noticed a moth of wrath
  9296 | D:9      | Found a transporter.
  9307 | D:9      | Reached skill level 1 in Fire Magic
  9419 | D:9      | Noticed a two-headed ogre
  9429 | D:9      | Killed a two-headed ogre
  9429 | D:9      | Reached skill level 5 in Fire Magic
  9667 | D:9      | Reached XP level 10. HP: 56/56 MP: 15/24
  9752 | D:9      | Offered knowledge of Frozen Ramparts by Vehumet.
  9778 | D:9      | Found a staircase to the Orcish Mines.
  9911 | D:9      | Reached *** piety under Vehumet
 10279 | D:9      | Offered knowledge of Ignite Poison by Vehumet.
 10483 | D:9      | Noticed Maurice
 10490 | D:9      | Killed Maurice
 10513 | D:9      | Noticed Maggie
 10519 | D:9      | Killed Maggie
 10786 | D:9      | Noticed Harold
 10799 | D:10     | Entered Level 10 of the Dungeon
 10921 | D:9      | Killed Harold
 11252 | D:9      | Noticed a two-headed ogre
 11255 | D:9      | Killed a two-headed ogre
 11790 | D:10     | Noticed Urug
 11806 | D:10     | Killed Urug
 11806 | D:10     | Reached XP level 11. HP: 31/60 MP: 4/25
 12339 | D:10     | Reached **** piety under Vehumet
 12589 | D:10     | Noticed a two-headed ogre
 12668 | D:10     | Slain by a two-headed ogre

Levels and vault maps discovered:
D:1:      psy_arrival_basics, layout_basic
D:2:      minmay_skewed_foursquare, layout_rooms, first_ration,
          minmay_misc_feat_tiny
D:3:      layout_loops_ring, lemuel_coloured_pillars_altar
D:4:      layout_loops_ring, minmay_close_crescents, uniq_grinder
D:5:      layout_rooms, basic_altar, kennysheep_another_room, uniq_ijyb
D:6:      layout_rooms, gammafunk_temple_overflow_forgotten,
          minmay_temple_entry_antechambers
D:7:      layout_basic, uniq_menkaure
D:8:      layout_loops_ring, grunt_ogre_cave
D:9:      layout_irregular_city, zombieorc1_lemuel,
          gammafunk_ghost_berserking_beasts, uniq_harold, uniq_maggie,
          uniq_maurice
D:10:     layout_loops_ring, minmay_lair_entry_grove, lemuel_flamethrower_2,
          uniq_urug
Temple:   compressed_dpeg_circular_temple

Skill      XL: |  1  2  3  4  5  6  7  8  9 10 11 |
---------------+----------------------------------+-----
Conjurations   | 2 3 4 5 6 7 8 9 |  9.5
Dodging        | 3 4 6 |  6.0
Stealth        | 3 |  3.0
Spellcasting   | 5 6 8 9 |  9.1
Fighting       | 1 2 3 |  3.0
Evocations     | 2 |  2.0
Earth Magic    | 7 8 9 |  9.5
Fire Magic     | 6 9 |  9.5
Summonings     | |  1.1
Translocations | |  1.1

Action                   |  1- 3 |  4- 6 |  7- 9 | 10-12 || total
-------------------------+-------+-------+-------+-------++-------
Melee: Unarmed           |     6 |       |       |       ||     6
       Dagger            |     4 |    20 |    65 |       ||    89
       Staff             |       |       |       |    19 ||    19
 Cast: Magic Dart        |    48 |    80 |   332 |    39 ||   499
       Call Imp          |     2 |     1 |     6 |     4 ||    13
       Mephitic Cloud    |       |     6 |    16 |     5 ||    27
       Conjure Flame     |       |     2 |     6 |     2 ||    10
       Blink             |       |       |     2 |     2 ||     4
       Searing Ray       |       |       |    22 |    40 ||    62
       Fireball          |       |       |       |    42 ||    42
Evoke: Wand              |       |       |       |     6 ||     6
  Use: Scroll            |     1 |       |     9 |     4 ||    14
       Potion            |     1 |       |     4 |       ||     5
 Stab: Confused          |       |     2 |     2 |     1 ||     5
  Eat: Chunk             |       |     3 |    18 |    10 ||    31
       Ration            |       |       |     2 |     2 ||     4
Armor: Robe              |     7 |    11 |    28 |    14 ||    60
Dodge: Dodged            |    42 |    50 |   109 |    63 ||   264

Table legend:
 A = Non-vault XP
 B = Vault XP
 C = Vault XP percentage of total XP
 D = Non-vault monster count
 E = Vault monster count
 F = Vault count percentage of total count
                 A         B        C        D         E       F
            +---------+---------+-------+---------+---------+-------
      Total |    7620 |    5389 |  41.4 |     206 |      56 |  21.4
            +---------+---------+-------+---------+---------+-------
        D:1 |      36 |       0 |   0.0 |      19 |       0 |   0.0
        D:2 |      27 |      22 |  44.9 |       9 |       5 |  35.7
        D:3 |     125 |       0 |   0.0 |      30 |       0 |   0.0
        D:4 |     383 |     445 |  53.7 |      25 |       5 |  16.7
        D:5 |     332 |      36 |   9.8 |      10 |       1 |   9.1
        D:6 |     503 |       0 |   0.0 |      19 |       0 |   0.0
        D:7 |     536 |     165 |  23.5 |      15 |       1 |   6.2
        D:8 |     943 |     105 |  10.0 |      32 |       1 |   3.0
        D:9 |    3793 |    2810 |  42.6 |      34 |      33 |  49.3
       D:10 |     823 |    1806 |  68.7 |      12 |      10 |  45.5
     Temple |     119 |       0 |   0.0 |       1 |       0 |   0.0
            +---------+---------+-------+---------+---------+-------
